[ AOE2 MATCH · #513720035 ]
UnrankedKoreans vs Spanish
Player's team · LOSS
Rival team · WIN
[ REPLAY ANALYSIS · EXTRACTED FROM THE RECORDED GAME ]
Feudal
9:41
Castle
19:38
Imperial
37:10
| APM avg | 47.0 |
| APM peak | 77 |
| eAPM avg | 27.2 |
| Villagers / military | 110 / 120 |
Focus
⚔️ 30.2% · 🌾 69.8%
Spearman ×71 · War Wagon ×32 · Bombard Cannon ×6 · Monk ×5 · Fire Lancer ×4 · Battering Ram ×1
Feudal
9:53
Castle
20:58
Imperial
37:40
| APM avg | 60.7 |
| APM peak | 103 |
| eAPM avg | 28.9 |
| Villagers / military | 163 / 235 |
Focus
⚔️ 46.4% · 🌾 53.6%
Knight ×152 · Conquistador ×68 · Trebuchet (Packed) ×8 · Scout Cavalry ×4 · Petard ×1 · Mangonel ×1
Match map
Initial resources + every placement click. Lines = walls · curves = elevation contours. ◆ gold · ⬟ stone · ● berries · ✦ relic · ◌ wall gap
Your base· Open — opponent sealed themselves in
Edux_'s base· ✓ Closed at 20:58 · 54t walls · no gate
Smoothed initial terrain · ◌ = detected wall gap · hover for details
Inputs per minute
— [GDL] Faraon - - Edux_
Build order — [GDL] Faraon
First 150 of 405 actions detected
| 0:00 | Queue | Villager (Male) |
| 0:00 | Queue | Villager (Male) |
| 0:01 | Queue | Villager (Male) |
| 0:01 | Queue | Villager (Male) |
| 0:01 | Queue | Villager (Male) |
| 0:02 | Build | House |
| 0:04 | Build | House |
| 1:09 | Build | House |
| 1:26 | Queue | Villager (Male) |
| 1:51 | Build | Lumber Camp |
| 1:52 | Build | House |
| 1:53 | Build | House |
| 1:58 | Queue | Villager (Male) |
| 2:13 | Queue | Villager (Male) |
| 2:44 | Queue | Villager (Male) |
| 2:45 | Queue | Villager (Male) |
| 3:16 | Queue | Villager (Male) |
| 3:16 | Queue | Villager (Male) |
| 3:46 | Queue | Villager (Male) |
| 4:20 | Queue | Villager (Male) |
| 4:55 | Queue | Villager (Male) |
| 5:13 | Queue | Villager (Male) |
| 5:23 | Queue | Villager (Male) |
| 5:26 | Build | Mill |
| 6:41 | Queue | Villager (Male) |
| 6:54 | Research | Loom |
| 7:22 | Research | Feudal Age |
| 7:51 | Build | House |
| 7:53 | Build | House |
| 7:55 | Build | Palisade Wall |
| 8:26 | Queue | Villager (Male) |
| 8:32 | Build | Mill |
| 8:45 | Build | Palisade Wall |
| 8:51 | Build | Palisade Wall |
| 8:59 | Queue | Villager (Male) |
| 9:31 | Build | House |
| 9:32 | Build | Palisade Wall |
| 9:41 | Age | Feudal Age |
| 9:43 | Build | Palisade Wall |
| 9:46 | Build | Palisade Wall |
| 9:53 | Queue | Villager (Male) |
| 10:10 | Queue | Villager (Male) |
| 10:41 | Build | Market |
| 11:05 | Queue | Villager (Male) |
| 11:25 | Queue | Villager (Male) |
| 11:47 | Build | House |
| 11:49 | Build | House |
| 11:53 | Build | Palisade Wall |
| 11:57 | Queue | Villager (Male) |
| 12:21 | Build | Barracks |
| 12:56 | Queue | Villager (Male) |
| 12:58 | Build | House |
| 13:01 | Build | House |
| 13:02 | Build | Palisade Wall |
| 13:04 | Build | House |
| 13:11 | Build | Palisade Wall |
| 13:21 | Queue | Villager (Male) |
| 13:23 | Build | Farm |
| 13:36 | Queue | Villager (Male) |
| 13:42 | Queue | Spearman |
| 13:54 | Build | Farm |
| 13:55 | Build | Farm |
| 13:57 | Queue | Villager (Male) |
| 14:01 | Build | House |
| 14:04 | Build | Palisade Wall |
| 14:16 | Queue | Villager (Male) |
| 14:18 | Build | House |
| 14:32 | Build | Lumber Camp |
| 14:37 | Queue | Villager (Male) |
| 14:54 | Build | Mining Camp |
| 15:03 | Queue | Villager (Male) |
| 15:12 | Build | Palisade Wall |
| 15:32 | Build | Farm |
| 15:51 | Queue | Villager (Male) |
| 15:52 | Build | Farm |
| 16:21 | Build | Blacksmith |
| 16:35 | Build | Palisade Wall |
| 16:53 | Build | Watch Tower |
| 16:58 | Research | Castle Age |
| 17:00 | Queue | Spearman |
| 17:19 | Queue | Villager (Male) |
| 17:32 | Build | House |
| 17:41 | Build | Palisade Wall |
| 17:55 | Research | Fletching |
| 19:32 | Build | Farm |
| 19:32 | Build | Farm |
| 19:32 | Build | Farm |
| 19:33 | Build | Farm |
| 19:33 | Build | Farm |
| 19:38 | Age | Castle Age |
| 20:09 | Build | Town Center |
| 20:34 | Queue | Villager (Male) |
| 20:34 | Queue | Villager (Male) |
| 20:59 | Build | Castle |
| 21:03 | Queue | Villager (Male) |
| 21:06 | Queue | Villager (Male) |
| 21:12 | Build | House |
| 21:13 | Build | House |
| 21:29 | Queue | Villager (Male) |
| 21:44 | Build | Monastery |
| 21:49 | Build | Monastery |
| 21:59 | Build | Farm |
| 22:01 | Build | Farm |
| 22:03 | Queue | Villager (Male) |
| 22:06 | Queue | Villager (Male) |
| 22:10 | Build | Farm |
| 22:28 | Queue | Villager (Male) |
| 22:28 | Queue | Villager (Male) |
| 22:32 | Queue | War Wagon |
| 22:32 | Queue | War Wagon |
| 22:41 | Queue | Monk |
| 22:51 | Queue | Villager (Male) |
| 22:57 | Build | Farm |
| 23:06 | Queue | War Wagon |
| 23:17 | Research | Squires |
| 23:17 | Queue | Spearman |
| 23:20 | Queue | Fire Lancer |
| 23:21 | Queue | Fire Lancer |
| 23:31 | Queue | Villager (Male) |
| 23:32 | Queue | Villager (Male) |
| 23:38 | Queue | War Wagon |
| 24:00 | Queue | Monk |
| 24:05 | Build | Siege Workshop |
| 24:15 | Build | House |
| 24:19 | Build | House |
| 24:24 | Build | House |
| 25:03 | Research | Wheelbarrow |
| 25:05 | Queue | Villager (Male) |
| 25:05 | Queue | Villager (Male) |
| 25:05 | Queue | Villager (Male) |
| 25:25 | Queue | Fire Lancer |
| 25:25 | Queue | Fire Lancer |
| 25:28 | Research | Scale Mail Armor |
| 25:30 | Queue | Battering Ram |
| 25:32 | Build | Outpost |
| 25:36 | Build | Farm |
| 25:38 | Queue | Villager (Male) |
| 25:39 | Queue | Villager (Male) |
| 26:15 | Queue | War Wagon |
| 26:15 | Queue | War Wagon |
| 26:19 | Research | Forging |
| 26:33 | Research | Bodkin Arrow |
| 26:47 | Queue | Monk |
| 26:48 | Research | Fervor |
| 27:07 | Queue | War Wagon |
| 27:07 | Queue | War Wagon |
| 27:25 | Queue | Villager (Male) |
| 27:26 | Queue | Villager (Male) |
| 27:26 | Queue | Villager (Male) |
| 27:26 | Queue | Villager (Male) |
Build order — Edux_
First 150 of 626 actions detected
| 0:01 | Queue | Villager (Male) |
| 0:01 | Queue | Villager (Male) |
| 0:01 | Queue | Villager (Male) |
| 0:02 | Queue | Villager (Male) |
| 0:02 | Queue | Villager (Male) |
| 0:02 | Build | House |
| 0:04 | Build | House |
| 1:16 | Queue | Villager (Male) |
| 1:52 | Build | Lumber Camp |
| 2:00 | Queue | Villager (Male) |
| 2:05 | Research | Loom |
| 2:06 | Queue | Villager (Male) |
| 2:25 | Queue | Villager (Male) |
| 2:52 | Queue | Villager (Male) |
| 2:53 | Queue | Villager (Male) |
| 3:04 | Build | House |
| 3:15 | Queue | Villager (Male) |
| 3:30 | Build | Palisade Wall |
| 3:47 | Queue | Villager (Male) |
| 3:49 | Build | House |
| 4:01 | Queue | Villager (Male) |
| 4:59 | Queue | Villager (Male) |
| 5:08 | Queue | Villager (Male) |
| 5:20 | Queue | Villager (Male) |
| 5:33 | Queue | Villager (Male) |
| 5:56 | Build | Mill |
| 6:30 | Queue | Villager (Male) |
| 6:57 | Queue | Villager (Male) |
| 7:43 | Research | Feudal Age |
| 7:43 | Research | Feudal Age |
| 7:43 | Research | Feudal Age |
| 7:44 | Research | Feudal Age |
| 9:04 | Build | Barracks |
| 9:53 | Age | Feudal Age |
| 9:55 | Build | Stable |
| 9:55 | Queue | Villager (Male) |
| 9:58 | Research | Double-Bit Axe |
| 9:58 | Research | Double-Bit Axe |
| 10:05 | Build | Farm |
| 10:14 | Queue | Villager (Male) |
| 10:26 | Queue | Scout Cavalry |
| 10:27 | Queue | Scout Cavalry |
| 10:28 | Build | House |
| 10:29 | Queue | Villager (Male) |
| 10:39 | Build | Farm |
| 10:42 | Build | Farm |
| 10:46 | Queue | Villager (Male) |
| 10:49 | Build | House |
| 11:07 | Build | Farm |
| 11:08 | Build | Farm |
| 11:08 | Queue | Villager (Male) |
| 11:17 | Build | House |
| 11:20 | Build | Palisade Wall |
| 11:31 | Build | Farm |
| 11:31 | Build | Farm |
| 11:38 | Queue | Villager (Male) |
| 11:48 | Queue | Scout Cavalry |
| 11:52 | Build | Farm |
| 12:08 | Build | Farm |
| 12:09 | Queue | Villager (Male) |
| 12:14 | Queue | Villager (Male) |
| 12:22 | Build | Farm |
| 12:40 | Build | House |
| 12:45 | Build | Palisade Wall |
| 12:46 | Queue | Villager (Male) |
| 12:51 | Build | House |
| 12:51 | Queue | Villager (Male) |
| 12:59 | Build | Farm |
| 13:23 | Queue | Villager (Male) |
| 13:31 | Queue | Villager (Male) |
| 13:40 | Build | Watch Tower |
| 13:41 | Queue | Villager (Male) |
| 13:50 | Queue | Villager (Male) |
| 14:05 | Build | House |
| 14:06 | Queue | Villager (Male) |
| 14:18 | Build | Palisade Wall |
| 14:35 | Build | Mining Camp |
| 14:38 | Queue | Villager (Male) |
| 14:44 | Build | Palisade Wall |
| 14:44 | Build | Palisade Wall |
| 14:56 | Build | House |
| 14:59 | Queue | Villager (Male) |
| 15:06 | Build | Farm |
| 15:07 | Queue | Villager (Male) |
| 15:15 | Build | Palisade Wall |
| 15:19 | Queue | Villager (Male) |
| 15:23 | Queue | Villager (Male) |
| 15:44 | Build | Farm |
| 15:44 | Queue | Villager (Male) |
| 15:49 | Build | Farm |
| 15:58 | Build | Blacksmith |
| 16:04 | Build | Mining Camp |
| 16:48 | Build | House |
| 16:51 | Queue | Villager (Male) |
| 16:58 | Build | Watch Tower |
| 17:07 | Build | Watch Tower |
| 17:51 | Queue | Villager (Male) |
| 18:18 | Research | Castle Age |
| 18:19 | Research | Castle Age |
| 18:19 | Research | Castle Age |
| 18:19 | Research | Castle Age |
| 18:45 | Build | Farm |
| 18:47 | Research | Gold Mining |
| 18:48 | Research | Horse Collar |
| 18:48 | Research | Horse Collar |
| 19:17 | Build | Farm |
| 19:24 | Build | House |
| 20:17 | Research | Bloodlines |
| 20:22 | Build | Farm |
| 20:48 | Build | House |
| 20:50 | Build | House |
| 20:53 | Build | House |
| 20:54 | Build | House |
| 20:58 | Age | Castle Age |
| 21:06 | Queue | Villager (Male) |
| 21:22 | Queue | Villager (Male) |
| 21:28 | Build | Town Center |
| 21:41 | Queue | Villager (Male) |
| 21:48 | Build | House |
| 22:00 | Queue | Villager (Male) |
| 22:00 | Queue | Villager (Male) |
| 22:13 | Build | Market |
| 22:14 | Queue | Scout Cavalry |
| 22:19 | Queue | Villager (Male) |
| 22:20 | Queue | Villager (Male) |
| 22:25 | Build | Farm |
| 22:26 | Build | Farm |
| 22:32 | Queue | Villager (Male) |
| 22:37 | Build | House |
| 22:38 | Build | House |
| 22:41 | Build | Farm |
| 22:43 | Build | Farm |
| 22:44 | Queue | Villager (Male) |
| 22:45 | Queue | Villager (Male) |
| 23:05 | Build | House |
| 23:10 | Build | Castle |
| 23:11 | Queue | Villager (Male) |
| 23:18 | Build | House |
| 23:19 | Queue | Villager (Male) |
| 23:26 | Queue | Villager (Male) |
| 23:28 | Build | Farm |
| 23:31 | Build | Farm |
| 23:31 | Build | Farm |
| 23:32 | Build | Farm |
| 23:33 | Queue | Villager (Male) |
| 24:04 | Queue | Villager (Male) |
| 24:25 | Queue | Conquistador |
| 24:25 | Queue | Conquistador |
| 24:25 | Queue | Conquistador |
| 24:25 | Queue | Conquistador |
Match timeline
| 3:30 | Edux_ · wall_segment Palisade Wall x1 |
| 7:55 | [GDL] Faraon · wall_segment Palisade Wall x3 |
| 8:45 | [GDL] Faraon · wall_segment Palisade Wall x4 |
| 8:51 | [GDL] Faraon · wall_segment Palisade Wall x8 |
| 9:04 | Edux_ · first_building Barracks |
| 9:32 | [GDL] Faraon · wall_segment Palisade Wall x1 |
| 9:41 | [GDL] Faraon · age_up feudal |
| 9:43 | [GDL] Faraon · wall_segment Palisade Wall x1 |
| 9:46 | [GDL] Faraon · wall_segment Palisade Wall x1 |
| 9:53 | Edux_ · age_up feudal |
| 9:55 | Edux_ · first_building Stable |
| 11:20 | Edux_ · wall_segment Palisade Wall x11 |
| 11:53 | [GDL] Faraon · wall_segment Palisade Wall x1 |
| 12:21 | [GDL] Faraon · first_building Barracks |
| 12:45 | Edux_ · wall_segment Palisade Wall x15 |
| 13:02 | [GDL] Faraon · wall_segment Palisade Wall x1 |
| 13:11 | [GDL] Faraon · wall_segment Palisade Wall x1 |
| 14:04 | [GDL] Faraon · wall_segment Palisade Wall x3 |
| 14:18 | Edux_ · wall_segment Palisade Wall x3 |
| 14:38 | [GDL] Faraon · first_market_sell 500 stone |
| 14:39 | [GDL] Faraon · first_market_buy 100 food |
| 14:44 | Edux_ · wall_segment Palisade Wall x13 |
| 14:44 | Edux_ · wall_segment Palisade Wall x4 |
| 15:12 | [GDL] Faraon · wall_segment Palisade Wall x1 |
| 15:15 | Edux_ · wall_segment Palisade Wall x8 |
| 16:35 | [GDL] Faraon · wall_segment Palisade Wall x1 |
| 17:41 | [GDL] Faraon · wall_segment Palisade Wall x1 |
| 19:38 | [GDL] Faraon · age_up castle |
| 20:58 | Edux_ · age_up castle |
| 20:59 | [GDL] Faraon · first_building Castle |
| 21:44 | [GDL] Faraon · first_building Monastery |
| 23:10 | Edux_ · first_building Castle |
| 24:05 | [GDL] Faraon · first_building Siege Workshop |
| 25:18 | Edux_ · first_market_buy 100 food |
| 27:01 | Edux_ · first_building Siege Workshop |
| 35:15 | [GDL] Faraon · first_building Stable |
| 37:10 | [GDL] Faraon · age_up imperial |
| 37:40 | Edux_ · age_up imperial |
| 40:54 | Edux_ · first_market_sell 100 wood |
| 41:51 | [GDL] Faraon · wall_segment Palisade Wall x1 |
| 42:18 | [GDL] Faraon · wall_segment Palisade Wall x3 |
| 43:48 | [GDL] Faraon · wall_segment Palisade Wall x1 |
| 43:57 | [GDL] Faraon · wall_segment Palisade Wall x1 |
| 44:22 | [GDL] Faraon · wall_segment Palisade Wall x1 |
| 50:11 | [GDL] Faraon · wall_segment Palisade Wall x1 |
| 50:47 | [GDL] Faraon · wall_segment Stone Wall x1 |
| 51:47 | [GDL] Faraon · resign |
[ AI ANALYSIS · 1 CREDIT ]
What really happened in this match?
Wolo.gg analyzes every decision: build order, eco, micro, common mistakes by bracket. Personalized analysis on WhatsApp or Discord in 30 seconds.
Civ guide
Koreans
Perfil
Jugador #708511